 Dungeon Crawl Stone Soup version 0.31.0-11-ge490571c62 (webtiles) character file.

Game seed: 9099676158634337979

7 Bravepunisher the Ducker (level 1, 0/10 (11) HPs)
             Began as a Spriggan Monk on Jan 27, 2024.
             Slain by an iguana (10 damage)
             ... on level 7 of the Dungeon.
             The game lasted 00:04:18 (767 turns).

Bravepunisher the Ducker (Spriggan Monk)             Turns: 767, Time: 00:04:19

HP:   0/10 (11)     AC:  2    Str:  7    XL:     1   Next: 83%
MP:   2/2           EV: 19    Int: 11    God:
Gold: 23            SH:  0    Dex: 17    Spells: 0/0 levels left

rFire   . . .        a - +0 short sword
rCold   . . .        (no shield)
rNeg    . . .        b - +0 robe
rPois   .            (helmet restricted)
rElec   .            g - scarf {shadows}
rCorr   .            (gloves unavailable)
SInv    +            (boots unavailable)
Will    .....        (no amulet)
Stlth   +            (no ring)
HPRegen 0.21/turn    (no ring)
MPRegen 0.08/turn

%: no passive effects
@: confused, mighty, ambrosia-drunk, drained, very quick
A: very small, no large weapons, unfitting armour, see invisible, speed 3
a: no special abilities


You were on level 7 of the Dungeon.
You visited 1 branch of the dungeon, and saw 7 of its levels.

You collected 23 gold pieces.

Inventory:

Hand Weapons
 a - a +0 short sword (weapon)
Armour
 b - a +0 robe (worn)
 g - a scarf of shadows (worn)
Scrolls
 d - a scroll of immolation


   Skills:
 * Level 2.7 Fighting
 - Level 3.2 Short Blades
 + Level 4.2 Dodging


You couldn't memorise any spells.
You didn't know any spells.
Your spell library was empty.

Dungeon Overview and Level Annotations

Branches:
Dungeon (7/15)
 Temple: D:4-7

Altars:
Xom


Innate Abilities, Weirdness & Mutations

You are very small and have problems with some larger weapons.
You are too small for most types of armour.
You have supernaturally acute eyesight. (SInv)
You cover ground extremely quickly. (Speed+++)


Message History

Your surroundings suddenly seem different. 6 wights come into view.
A wight is wielding a +4 battleaxe of freezing.
Found 3 poisoned darts.
You can't go up here!
A yak comes into view.
A yak and a sky beast come into view.
A yak comes into view.
Found a book of Blood.
The yak bellows!
You hear a bellow! x3
As you read the scroll labelled JYBLIKLARAU, it crumbles to dust.
The creatures around you are filled with an inner flame!
It was a scroll of immolation.
As you read the scroll labelled ERIB QUEXZEUTS, it crumbles to dust.
It is a scroll of identify.
e - a potion of might
As you read the scroll labelled FIV JEDWIC, it crumbles to dust.
Your body is wracked with pain!
It was a scroll of torment.
A hound comes into view.
Found 15 gold pieces.
The hound barks!
A wight comes into view. It is wielding a +0 spear.
The wight misses you. The wight attacks as it pursues you!
The wight hits you from afar with a +0 spear.
You feel drained.
* * * LOW HITPOINT WARNING * * *
The sky beast flickers out of sight for a moment.
The iguana hisses angrily.
You hear an angry buzzing noise. x3
You feel very mighty all of a sudden.
Okay, then.
You are confused.
You feel invigorated.
A steam dragon comes into view.
You're too confused to move!
The steam dragon hisses angrily.
The iguana misses you.
You closely miss the iguana. The wight misses you. The iguana bites you!
Ouch! That really hurt!
You die...

#Y###.z.z.z....^
#####.### .
..##.####......
........## .
#.##.#.....###.
......<..#
.##.#........#
..........
...Y..#####.##
........#. ....zz# ##.#
....?...# .....Y####..#
......... ..zz#.z..#.#
######...........K.
....#....#.#
#.@l...D...........
...z##.....####.####...
...z....h.Yz.Yz.#
....#...$########
....##...# ....##...#
...###...# #### #####


You could see a yak, a steam dragon, an iguana and a wight.

Vanquished Creatures
  A bat (D:1)
  An endoplasm (D:4)
  A goblin (D:1)
  3 ball pythons
  A kobold (D:1)
7 creatures vanquished.

Notes
Turn   | Place    | Note
-------+----------+-------------------------------------------
     0 | D:1      | Bravepunisher the Spriggan Monk began the quest for the
                  | Orb.
     0 | D:1      | Reached XP level 1. HP: 11/11 MP: 2/2
   380 | D:4      | Noticed a black bear
   437 | D:4      | Found a shimmering altar of Xom.
   437 | D:4      | Noticed a phantom
   448 | D:4      | Noticed a howler monkey
   459 | D:4      | Noticed an orc priest
   461 | D:4      | Noticed an orc priest
   462 | D:4      | Noticed an orc priest
   642 | D:5      | Entered Level 5 of the Dungeon
   650 | D:5      | Noticed an orc wizard
   650 | D:5      | Noticed an orc priest
   659 | D:7      | Noticed an iguana
   689 | D:5      | Noticed an iguana
   732 | D:7      | Noticed an ogre
   732 | D:7      | Noticed a wight
   732 | D:7      | Noticed a wight
   732 | D:7      | Noticed a wight
   732 | D:7      | Noticed a wight
   732 | D:7      | Noticed a wight
   732 | D:7      | Noticed a wight
   734 | D:7      | Noticed a yak
   735 | D:7      | Noticed a yak
   735 | D:7      | Noticed a sky beast
   736 | D:7      | Noticed a yak
   743 | D:7      | Noticed a hound
   749 | D:7      | Noticed a wight
   765 | D:7      | Noticed a steam dragon
   767 | D:7      | Slain by an iguana

Illustrated notes

Levels and vault maps discovered:
D:1:      minmay_arrival_wavy_path, layout_basic,
          shapermc_ecumenical_altar_rom_forum
D:2:      layout_rooms
D:3:      layout_rooms, mrwooster_statue_mirror, hangedman_glass_teeth,
          uniq_grinder
D:4:      layout_layer_cave, general_overflow_altar, xom_butterflies
D:5:      layout_rooms, amcnicky_altar_gilded, mainiacjoe_overflow_24_doors
D:6:      layout_loops_ring, temple_pool_b,
          hangedman_abyss_or_decor_lesser_grid, uniq_edmund
D:7:      layout_rooms, serial_shops, shop_coins

Action                     || total
---------------------------++-------
  Melee: Short sword       ||    42
         Punch             ||     1
    Use: Scroll            ||     3
         Potion            ||     2
 Armour: Robe              ||    12
  Dodge: Dodged            ||    45
